 Dungeon Crawl Stone Soup version 0.31-a0-96-g196d5507e3 (console) character file.

Game seed: 10555212453552395155

10 Ignak the Ogre Mage (level 2, -1/26 HPs)
             Began as an Ogre Hedge Wizard on May 26, 2023.
             Slain by a hobgoblin (4 damage)
             ... on level 1 of the Dungeon.
             The game lasted 00:01:01 (245 turns).

Ignak the Ogre Mage (Ogre Hedge Wizard)              Turns: 245, Time: 00:01:01

Health: -1/26      AC:  3    Str: 13    XL:     2   Next: 20%
Magic:  0/6        EV:  9    Int: 15    God:
Gold:   21         SH:  0    Dex:  8    Spells: 7/8 levels left

rFire   . . .        a - +0 dagger
rCold   . . .        (no shield)
rNeg    . . .        b - +0 robe
rPois   .            c - +0 hat
rElec   .            (no cloak)
rCorr   .            (gloves unavailable)
SInv    .            (boots unavailable)
Will    .....        (no amulet)
Stlth   +            (no ring)
HPRegen 0.24/turn    (no ring)
MPRegen 0.10/turn

%: no passive effects
@: no status effects
A: large, unfitting armour, tough skin 1
a: no special abilities


You were on level 1 of the Dungeon.
You visited 1 branch of the dungeon, and saw 1 of its levels.

You collected 21 gold pieces.

Inventory:

Hand Weapons
 a - a +0 dagger (weapon)
Armour
 b - a +0 robe (worn)
 c - a +0 hat (worn)
Scrolls
 e - a scroll of brand weapon {unknown}
Potions
 d - a potion of magic


   Skills:
 + Level 0.6 Fighting
 + Level 2.0 Dodging
 - Level 1.4 Stealth
 + Level 3.7 Spellcasting
 + Level 1.1 Conjurations
 - Level 1.0 Summonings
 + Level 1.1 Translocations


You had 7 spell levels left.
You knew the following spells:

 Your Spells              Type           Power      Damage    Failure   Level
a - Magic Dart            Conj           24%        1d4       12%         1

Your spell library contained the following spells:

 Spells                   Type           Power      Damage    Failure   Level
 Slow                     Hex            8%         N/A       19%         1
 Blink                    Tloc           12%        N/A       19%         2
 Call Imp                 Summ           10%        N/A       19%         2
 Cigotuvi's Dreadful Rot  Necr/Pois/Air  0%         N/A       36%         2
 Mephitic Cloud           Conj/Pois/Air  2%         N/A       52%         3


Dungeon Overview and Level Annotations

Branches:
Dungeon (1/15)

Altars:


Innate Abilities, Weirdness & Mutations

You are too large for most types of armour.
You have tough skin. (AC +1)


Message History

Your Dodging skill increases to level 2!
Unknown command.
You hit the hobgoblin.
The hobgoblin is lightly wounded.
The hobgoblin closely misses you.
You closely miss the hobgoblin.
The hobgoblin is lightly wounded.
The hobgoblin hits you.
* * * LOW HITPOINT WARNING * * *
You hit the hobgoblin.
The hobgoblin is heavily wounded.
The hobgoblin closely misses you.
Casting: Magic Dart (safe; 12% risk of failure)
Confirm with . or Enter, or press ? or * to list all spells.
Aiming: Magic Dart (safe; 12% risk of failure)
Press: ? - help, Shift-Dir - straight line, f - hobgoblin
Aim: a hobgoblin (heavily wounded, 100% to hit)
The magic dart hits the hobgoblin.
The hobgoblin is severely wounded.
The hobgoblin hits you.
* * * LOW HITPOINT WARNING * * *
You hit the hobgoblin but do no damage.
The hobgoblin is heavily wounded.
The hobgoblin hits you.
* * * LOW HITPOINT WARNING * * *
You hit the hobgoblin but do no damage.
The hobgoblin is heavily wounded.
The hobgoblin hits you.
* * * LOW HITPOINT WARNING * * *
You completely miss the hobgoblin.
The hobgoblin is heavily wounded.
The hobgoblin hits you but does no damage.
You hit the hobgoblin but do no damage.
You punch the hobgoblin, but do no damage.
The hobgoblin is heavily wounded.
The hobgoblin closely misses you.
You closely miss the hobgoblin.
The hobgoblin is heavily wounded.
The hobgoblin hits you.
You die...

..#.....#...#...†..†.†....#
##.#.#.#.##.......#######$#
#.⌠.###.⌠.##....#..##
##.#.#.#.####..###..#
##.#.#.###.#..# ##.#### #
#.⌠.###.8.#.# #....##....
.###.###.#.#..# ##[.....#
##.#.#.#.####.## #.####....
#.⌠.###)⌠.##@# ###.## ##
##.#.#.#.##g######....###
..#.....#..........##...#
...........#.###########.##
#.............# ####...####
#.(.....(..####
###.........# ...[.....#
.......<..... ........##
###.........# ....$....
####...####


You could see a hobgoblin.

Vanquished Creatures
  2 goblins (D:1)
  A hobgoblin (D:1)
  2 jackals (D:1)
  A quokka (D:1)
  A ball python (D:1)
  A bat (D:1)
  A frilled lizard (D:1)
9 creatures vanquished.

Notes
Turn   | Place    | Note
-------+----------+-------------------------------------------
     0 | D:1      | Ignak the Ogre Hedge Wizard began the quest for the Orb.
     0 | D:1      | Reached XP level 1. HP: 16/16 MP: 5/5
    43 | D:1      | Reached skill level 1 in Conjurations
    43 | D:1      | Reached skill level 1 in Summonings
    55 | D:1      | Reached skill level 1 in Translocations
    97 | D:1      | Reached XP level 2. HP: 14/26 MP: 4/6
   245 | D:1      | Slain by a hobgoblin

Illustrated notes

Levels and vault maps discovered:
D:1:      dpeg_arrival_rhombus, layout_rooms, chequers_serial_rivers_small_a,
          grunt_decor_mini_mirrors, nicolae_shop_vocational

Skill      XL: |  1  2 |
---------------+-------+-----
Conjurations   | 1 |  1.1
Summonings     | 1 |  1.0
Translocations | 1 |  1.1
Dodging        | 2 |  2.0
Fighting       | |  0.6
Stealth        | |  1.4
Spellcasting   | |  3.7

Action                     || total
---------------------------++-------
  Melee: Dagger            ||    60
         Punch             ||     1
  Throw: Dart              ||     2
   Cast: Magic Dart        ||    13
 Armour: Robe              ||    21
  Dodge: Dodged            ||    38

Table legend: (Time is in decaauts)
 A = Elapsed time spent in this place.
 B = Non-inter-level travel time spent in this place.
 C = Inter-level travel time spent in this place.
 D = Time resting spent in this place.
 E = Time spent auto-exploring this place.
 F = Levels seen in this place.
 G = Mean time per level.
                   A        B        C        D        E       F      G
               +--------+--------+--------+--------+--------+-----+--------+
         Total |    245 |    245 |      0 |     49 |     53 |   1 |  245.0 |
       Dungeon |    245 |    245 |      0 |     49 |     53 |   1 |  245.0 |
               +--------+--------+--------+--------+--------+-----+--------+

Top non-repeatable levels by time:
     D:1: 245 daAuts
